 Dungeon Crawl Stone Soup version 0.29.1-1-gd02db6906a (webtiles) character file.

Game seed: 12669866036155810422

224 xian the Chucker (level 6, 0/43 HPs)
             Began as a Formicid Wanderer on Oct 2, 2022.
             Slain by Pargi (3 damage)
             ... in a sewer.
             The game lasted 00:11:18 (2971 turns).

xian the Chucker (Formicid Wanderer)                Turns: 2971, Time: 00:11:18

Health: 0/43       AC:  5    Str: 20    XL:     6   Next: 20%
Magic:  6/6        EV: 10    Int:  8    God:
Gold:   91         SH:  9    Dex: 15    Spells: 5/5 levels left

rFire   . . .      SeeInvis +   a - +2 hand axe
rCold   . . .      Faith    .   s - +2 kite shield
rNeg    . . .      Spirit   .   f - +0 leather armour
rPois   .          Reflect  .   (helmet unavailable)
rElec   .          Harm     .   j - +0 cloak
rCorr   .          Rampage  .   (no gloves)
Will    .....                   l - +0 pair of boots
Stlth   +.........              (no amulet)
HPRegen 0.14/turn               (no ring)
MPRegen 0.10/turn               (no ring)

@: very slow
A: permanent stasis, dig shafts and tunnels, antennae 3, four strong arms
a: Dig


You were in a sewer.
You visited 1 branch of the dungeon, and saw 3 of its levels.
You also visited: Sewer.

You collected 91 gold pieces.

Inventory:

Hand Weapons
 a - a +2 hand axe (weapon)
 b - a +0 quarterstaff
 d - a +0 dagger
Missiles
 c - 4 poisoned darts (quivered)
 r - 2 silver boomerangs
Armour
 f - a +0 leather armour (worn)
 j - a +0 cloak (worn)
 l - a +0 pair of boots (worn)
 s - a +2 kite shield (worn)
Scrolls
 n - a scroll of enchant weapon {unknown}
 p - a scroll of immolation
 q - a scroll of enchant armour
 t - a scroll of fear {unknown}
Potions
 e - a potion of might
 g - a potion of berserk rage {unknown}
 h - 2 potions of brilliance {unknown}
 i - 2 potions of magic
 k - 2 potions of mutation {unknown}
 m - a potion of heal wounds {unknown}
 o - a potion of lignification {unknown}
 u - a potion of haste {unknown}


   Skills:
 + Level 1.3 Fighting
 + Level 4.1 Axes
 + Level 2.0 Staves
 + Level 4.7 Throwing
 + Level 3.1 Armour
 + Level 1.4 Dodging
 + Level 1.1 Stealth
 + Level 0.5 Shields


You had 5 spell levels left.
You didn't know any spells.
Your spell library contained the following spells:

 Spells                   Type           Power      Damage    Failure   Level
 Foxfire                  Conj/Fire      0%         2x1d4     80%         1
 Sublimation of Blood     Necr           0%         N/A       90%         2
 Wereblood                Tmut           0%         N/A       90%         2
 Conjure Flame            Conj/Fire      0%         6-21      99%         3
 Inner Flame              Hex/Fire       0%         N/A       99%         3
 Flame Wave               Conj/Fire      0%         2d4       100%        4
 Summon Hydra             Summ           0%         N/A       100%        7


Dungeon Overview and Level Annotations

Branches:
Dungeon (3/15)              Sewer (1/1)

Altars:
Ru
Zin

Shops:
D:1 ((*

Annotations:
Sewer Pargi


Innate Abilities, Weirdness & Mutations

You cannot be hasted, slowed, berserked, paralysed or teleported.
You can dig through walls and to a lower floor.
You have a pair of large antennae on your head. (SInv)
Your four strong arms can wield two-handed weapons with a shield.


Message History

Pargi claws you but does no damage. You block Pargi's attack. x2
Pargi claws you but does no damage. Pargi claws you.
Pargi attacks as you move away! Pargi bites you but does no damage.
Pargi claws you but does no damage. Pargi claws you.
Pargi attacks as you move away! Pargi bites you. Pargi misses you.
Pargi completely misses you.
You enter the shallow water.
Moving in this stuff is going to be slow.
Pargi bites you. Pargi claws you. You block Pargi's attack.
Pargi attacks as you move away! Pargi closely misses you.
You block Pargi's attack. Pargi claws you but does no damage.
You slash Pargi!
Pargi is moderately wounded.
Pargi looks more healthy.
Pargi bites you but does no damage. Pargi claws you. You block Pargi's attack.
Pargi barely misses you. You block Pargi's attack.
Pargi claws you but does no damage.
You hit Pargi.
Pargi is moderately wounded.
You block Pargi's attack. Pargi claws you but does no damage.
You block Pargi's attack.
You miss Pargi.
Pargi is moderately wounded.
Pargi barely misses you. You block Pargi's attack. Pargi completely misses you.
You barely miss Pargi.
Pargi is moderately wounded.
Pargi bites you. Pargi closely misses you. You block Pargi's attack.
Your unstable footing causes you to fumble your attack.
Pargi clenches his claws.
Pargi bites you! Pargi claws you but does no damage. Pargi claws you.
* * * LOW HITPOINT WARNING * * *
You hit Pargi.
Pargi is moderately wounded.
Pargi bites you.
* * * LOW HITPOINT WARNING * * *
You block Pargi's attack. Pargi misses you. Pargi bites you but does no damage.
Pargi claws you.
* * * LOW HITPOINT WARNING * * *
Pargi misses you.
It was a potion of magic.
Magic courses through your body. Pargi completely misses you.
Pargi closely misses you. Pargi claws you.
You die...

##≈≈≈≈≈≈≈≈≈≈≈..
#≈≈≈≈≈≈≈≈≈l~(
≈≈≈≈≈≈≈≈≈(.
≈≈≈≈≈≈≈≈(#
≈≈≈≈≈≈≈≈l#
≈≈≈≈≈≈≈≈~# #
≈≈≈≈≈≈≈≈~# ##### ##
≈≈≈≈≈≈≈≈.#######...#
#.
≈≈≈≈≈≈≈≈≈lT@~..~~∩.#
##~
#≈≈≈≈≈≈≈~#######.??#
##∩≈ #≈≈≈≈≈≈≈~#
##### #.∩≈
#≈≈≈≈≈≈~.# ###~
≈≈≈≈≈≈≈.## ###
≈≈≈≈≈≈≈≈~### ##..
#≈≈≈≈≈≈≈≈~.# ###~~≈
#≈≈≈≈≈≈≈≈~#####
#.#.~≈
≈≈≈≈≈≈≈≈≈≈~~~.#
##..≈≈≈


You could see Pargi and a frilled lizard.

Vanquished Creatures
  A phantom (D:3)
  6 adders
  5 worms
  2 dart slugs
  8 endoplasms
  5 giant cockroaches
  7 goblins
  6 hobgoblins
  3 quokkas
  7 ball pythons
  6 bats
  10 frilled lizards
  3 kobolds (D:1)
  6 rats
75 creatures vanquished.

Notes
Turn   | Place    | Note
-------+----------+-------------------------------------------
     0 | D:1      | xian the Formicid Wanderer began the quest for the Orb.
     0 | D:1      | xian set off with the following items: a +2 hand axe, a +0
                  | quarterstaff, 11 poisoned darts, a +0 dagger, a potion of
                  | might, a +0 leather armour.
     0 | D:1      | Reached XP level 1. HP: 13/13 MP: 1/1
    48 | D:1      | Reached XP level 2. HP: 7/19 MP: 2/2
   262 | D:1      | Found a faded altar of an unknown god.
   577 | D:1      | Found Fatukhlue's General Store.
   611 | D:1      | Reached XP level 3. HP: 19/24 MP: 3/3
   701 | D:1      | Found Juat's Antique Weapon Boutique.
  1092 | D:1      | Found Ytwurgh's Antique Weapon Shoppe.
  1464 | D:2      | Reached XP level 4. HP: 10/31 MP: 4/4
  1804 | D:2      | Found a sacrificial altar of Ru.
  2278 | D:3      | Noticed a phantom
  2313 | D:3      | Killed a phantom
  2314 | D:3      | Reached skill level 1 in Fighting
  2314 | D:3      | Reached skill level 1 in Dodging
  2314 | D:3      | Reached XP level 5. HP: 9/37 MP: 5/5
  2397 | D:3      | Found a glowing silver altar of Zin.
  2421 | D:3      | Reached skill level 1 in Stealth
  2543 | D:3      | Reached XP level 6. HP: 22/43 MP: 6/6
  2564 | D:3      | Found a glowing drain.
  2607 | Sewer    | Entered a sewer
  2950 | Sewer    | Noticed Pargi
  2971 | Sewer    | Slain by Pargi

Illustrated notes

Levels and vault maps discovered:
D:1:      minmay_arrival_radiant_lines, layout_basic, serial_shops,
          nicolae_square_shop, shop, shop, serial_rivers,
          chequers_serial_rivers_micro_d, chequers_serial_rivers_large_b,
          chequers_serial_rivers_small_a, chequers_serial_rivers_small_b,
          chequers_serial_rivers_micro_d, chequers_serial_rivers_room_b,
          shapermc_ecumenical_altar_starsandcircs, minmay_pentomino_s2
D:2:      layout_rooms, basic_altar, hangedman_decor_growths
D:3:      layout_basic, mainiacjoe_overflow_brackets,
          cheibrodos_sewer_entry_bend
Sewer:    sewer_co_pargi_island

Skill      XL: |  1  2  3  4  5 |
---------------+----------------+-----
Axes           | 3 4 |  4.1
Fighting       | 1 |  1.3
Armour         | 3 |  3.1
Dodging        | 1 |  1.4
Stealth        | 1 |  1.1
Staves         | |  2.0
Throwing       | |  4.7
Shields        | |  0.5

Action                   |  1- 3 |  4- 6 || total
-------------------------+-------+-------++-------
Melee: Hand axe          |    90 |   125 ||   215
       Punch             |       |     1 ||     1
Throw: Dart              |     7 |     9 ||    16
       Boomerang         |       |     3 ||     3
  Use: Scroll            |       |     6 ||     6
       Potion            |       |     1 ||     1
 Stab: Sleeping          |     1 |     1 ||     2
Armor: Leather armour    |    30 |    41 ||    71
Dodge: Dodged            |    55 |    63 ||   118
Block: Kite shield       |       |    55 ||    55
